 Dungeon Crawl Stone Soup version 0.23.0 (webtiles) character file.

Game seed: 5461322390711788429

151 vishdafish the Cudgeler (level 5, -2/53 HPs)
             Began as a Troll Monk on Feb 17, 2019.
             Slain by a gnoll
             ... wielding a +0 spear
              (7 damage)
             ... on level 3 of the Dungeon.
             The game lasted 00:03:07 (1982 turns).

vishdafish the Cudgeler (Troll Monk)                Turns: 1982, Time: 00:03:08

Health: -2/53      AC:  6    Str: 19    XL:     5   Next: 11%
Magic:  4/4        EV: 11    Int:  7    God:
Gold:   113        SH:  0    Dex: 12    Spells: 4/4 levels left

rFire    . . .     SeeInvis .   a - +0 mace
rCold    . . .     Gourm    +   (no shield)
rNeg     . . .     Faith    .   b - +0 robe
rPois    .         Spirit   .   (helmet restricted)
rElec    .         Reflect  .   (no cloak)
rCorr    .         Harm     .   (gloves unavailable)
MR       .....                  (boots unavailable)
Stlth    ++........             (no amulet)
HPRegen  0.57/turn              (no ring)
MPRegen  0.09/turn              (no ring)

@: starving
A: large, unfitting armour, claws 3, fast metabolism 3, gourmand, regeneration
1, shaggy fur 1, tough skin 3
a: no special abilities


You were on level 3 of the Dungeon.
You were starving.

You visited 1 branch of the dungeon, and saw 4 of its levels.

You collected 113 gold pieces.

Inventory:

Hand Weapons
 a - a +0 mace (weapon)
Armour
 b - a +0 robe (worn)
Scrolls
 f - a scroll of random uselessness {unknown}
 g - a scroll of enchant armour {unknown}
 h - a scroll of noise {unknown}
 i - a scroll of identify {unknown}
 j - a scroll of teleportation {unknown}
 k - a scroll of immolation {unknown}
 l - a scroll of remove curse {unknown}
 p - a scroll of blinking {unknown}
Potions
 d - 2 potions of brilliance
 e - 3 potions of might {unknown}
 m - a potion of resistance {unknown}
 n - a potion of cancellation {unknown}
 o - a potion of mutation {unknown}
Comestibles
 c - 4 rations


   Skills:
 + Level 3.1 Fighting
 * Level 4.2 Maces & Flails
 + Level 3.1 Dodging
 - Level 1.0 Stealth


You had 4 spell levels left.
You didn't know any spells.
Your spell library was empty.

Dungeon Overview and Level Annotations

Branches:
Dungeon (4/15)
 Temple: D:4-7

Altars:
Ru


Innate Abilities, Weirdness & Mutations

You are too large for most types of armour.
You have claws for hands.
Your metabolism is lightning-fast.
You like to eat raw meat.
Your natural rate of healing is unusually fast.
You are covered in fur. (AC +1)
You have extremely tough skin. (AC +3)


Message History

The gnoll is heavily wounded.
The gnoll barely misses you. The gnoll closely misses you.
You hit the gnoll.
The gnoll is severely wounded.
The gnoll hits you with a +0 spear. The gnoll hits you with a +0 flail.
You barely miss the gnoll.
The gnoll is severely wounded.
The gnoll barely misses you. The gnoll closely misses you.
You closely miss the gnoll.
The gnoll is severely wounded.
The gnoll hits you but does no damage. The gnoll barely misses you.
You hit the gnoll but do no damage.
The gnoll is severely wounded.
You are starving!
The gnoll hits you with a +0 spear! The gnoll hits you with a +0 flail!
* * * LOW HITPOINT WARNING * * *
The gnoll hits you with a +0 spear!
* * * LOW HITPOINT WARNING * * *
The gnoll hits you from afar with a +0 spear!
You die...

#. #. #g #. #g #. #.
#.##################.
#...@.g..............
######g##############
#.# #.# #.# #.# #.#
#.#


You could see 2 gnolls.

Vanquished Creatures
  Terence (D:2)
  3 gnolls
  3 adders (D:2)
  3 worms
  4 dart slugs
  A leopard gecko (D:3)
  6 giant cockroaches
  5 goblins
  5 hobgoblins
  2 jackals (D:1)
  6 bats
  6 frilled lizards
  5 kobolds
  5 rats
55 creatures vanquished.

Notes
Turn   | Place    | Note
-------+----------+-------------------------------------------
     0 | D:1      | vishdafish the Troll Monk began the quest for the Orb.
     0 | D:1      | Reached XP level 1. HP: 22/22 MP: 0/0
   152 | D:1      | Reached skill level 3 in Maces & Flails
   154 | D:1      | Reached XP level 2. HP: 29/29 MP: 1/1
   408 | D:1      | Reached XP level 3. HP: 11/36 MP: 2/2
   755 | D:2      | Noticed Terence
   930 | D:2      | Reached XP level 4. HP: 43/44 MP: 3/3
  1194 | D:2      | Found a sacrificial altar of Ru.
  1296 | D:2      | Killed Terence
  1296 | D:2      | Reached skill level 4 in Maces & Flails
  1876 | D:3      | Reached XP level 5. HP: 49/53 MP: 4/4
  1982 | D:3      | Slain by a gnoll

Skill      XL: |  1  2  3  4 |
---------------+-------------+-----
Maces & Flails | 3 4 |  4.2
Dodging        | 3 |  3.1
Fighting       | 3 |  3.1
Stealth        | |  1.0

Action                   |  1- 3 |  4- 6 || total
-------------------------+-------+-------++-------
Melee: Mace              |   102 |    90 ||   192
  Use: Potion            |     3 |       ||     3
 Stab: Sleeping          |     2 |     5 ||     7
  Eat: Chunk             |     2 |     5 ||     7
       Ration            |     1 |     1 ||     2
Armor: Robe              |    52 |    30 ||    82
Dodge: Dodged            |    72 |    40 ||   112
